 Dungeon Crawl Stone Soup version 0.29-a0-834-g1e95ca9f62 (webtiles) character file.

Game seed: 3614859719830770575

2638 kevlar127 the Grappler (level 9, -3/93 HPs)
             Began as a Troll Berserker on July 13, 2022.
             Was a Priest of Trog.
             Slain by a killer bee (4 damage)
             ... on level 7 of the Dungeon.
             The game lasted 00:11:15 (5163 turns).

kevlar127 the Grappler (Troll Berserker)            Turns: 5163, Time: 00:11:15

Health: -3/93      AC:  5    Str: 37    XL:     9   Next: 35%
Magic:  8/8        EV: 10    Int:  3    God:    Trog [***...]
Gold:   472        SH:  0    Dex:  9    Spells: 8/8 levels left

rFire   . . .      SeeInvis .     - Unarmed
rCold   . . .      Faith    .   (no shield)
rNeg    . . .      Spirit   .   a - +0 animal skin
rPois   .          Reflect  .   (helmet restricted)
rElec   .          Harm     .   w - +0 cloak
rCorr   .          Rampage  .   (gloves unavailable)
Will    .....                   (boots unavailable)
Stlth   +.........              u - amulet of regeneration
HPRegen 1.85/turn               x - +6 ring of strength
MPRegen 0.11/turn               (no ring)

@: lethally poisoned (-3 -> -8)
A: large, unfitting armour, claws 3, regeneration 1, shaggy fur 1, tough skin 1
a: Renounce Religion, Berserk, Trog's Hand


You were on level 7 of the Dungeon.
You worshipped Trog.
Trog was most pleased with you.
You visited 1 branch of the dungeon, and saw 7 of its levels.

You collected 472 gold pieces.

Inventory:

Missiles
 b - a throwing net (quivered)
 e - 63 stones
 s - 5 large rocks
 D - 4 curare-tipped darts
Armour
 a - a +0 animal skin (worn)
 w - a +0 cloak (worn)
Jewellery
 i - a ring of ice
 u - an amulet of regeneration (around neck)
 x - a +6 ring of strength (left claw)
Wands
 n - a wand of flame (10)
 o - a wand of polymorph (10)
 B - a wand of roots (20)
Scrolls
 g - a scroll of immolation {unknown}
 h - 3 scrolls of poison {unknown}
 k - a scroll of fog {unknown}
 l - 4 scrolls of identify {unknown}
 m - 2 scrolls of teleportation {unknown}
 p - 3 scrolls of fear {unknown}
 r - 2 scrolls of torment {unknown}
 t - a scroll of vulnerability {unknown}
 y - a scroll of summoning {unknown}
 C - a scroll of noise {unknown}
 F - a scroll of blinking {unknown}
Potions
 c - 4 potions of heal wounds {unknown}
 d - 5 potions of curing {unknown}
 f - 2 potions of might {unknown}
 j - a potion of invisibility {unknown}
 q - 2 potions of attraction {unknown}
 v - a potion of brilliance {unknown}
 z - 2 potions of magic {unknown}
 A - a potion of flight {unknown}
 E - a potion of lignification {unknown}


   Skills:
 + Level 7.0 Fighting
 + Level 5.8 Throwing
 - Level 2.5 Dodging
 + Level 8.3 Unarmed Combat


You had 8 spell levels left.
You didn't know any spells.
Your spell library was empty.

Dungeon Overview and Level Annotations

Branches:
Dungeon (7/15)             Temple (0/1) D:5

Altars:
Fedhas
Makhleb
Xom
Zin

Shops:
D:5 [   D:6 *

Portals:
Bailey: D:7


Innate Abilities, Weirdness & Mutations

You are too large for most types of armour.
You have claws for hands.
Your natural rate of healing is unusually fast.
You are covered in fur. (AC +1)
You have tough skin. (AC +1)


Message History

You feel sick.
You are no longer poisoned.
The killer bee stings you.
The killer bee attacks as you move away!
The killer bee closely misses you.
The killer bee stings you but does no damage.
The killer bee attacks as you move away!
The killer bee stings you!
The killer bee stings you but does no damage.
The killer bee stings you. The killer bee stings you.
The killer bee attacks as you move away!
The killer bee stings you but does no damage.
The killer bee stings you!
You are poisoned.
The killer bee poisons you! The killer bee stings you!
You are more poisoned.
The killer bee poisons you!
You feel very sick. The killer bee closely misses you.
The killer bee attacks as you move away!
The killer bee closely misses you.
You feel very sick.
The killer bee stings you but does no damage.
The killer bee stings you.
* * * LOW HITPOINT WARNING * * *
You are more poisoned.
The killer bee poisons you! The killer bee stings you!
* * * LOW HITPOINT WARNING * * *
The killer bee attacks as you move away!
The killer bee stings you.
* * * LOW HITPOINT WARNING * * *
You are lethally poisoned!
The killer bee poisons you!
* * * LOW HITPOINT WARNING * * *
You feel very sick.
* * * LOW HITPOINT WARNING * * *
You feel very sick. The killer bee stings you.
You die...

#.# #####.....##.#### #
#o# ##...#.....##.# #o#
#..#.....#..# # #†#
#.....#.....# #y#
#..#.....#.[# #.#
#.....##....#
#.#########..y#.#..##.#
#........oo..y.y#.###.#
#############.#.@.<...#
###########


You could see an orc warrior, 3 killer bees and an orc priest.

Vanquished Creatures
  Pikel (D:6)
  Menkaure (D:6)
  A water moccasin (D:7)
  A black bear (D:4)
  An ice beast (D:6)
  3 ogres
  A centaur (D:6)
  2 phantoms
  2 bullfrogs
  2 scorpions
  3 wights (D:6)
  2 killer bees (D:7)
  A howler monkey (D:7)
  3 hounds
  3 jellies
  An orc priest (D:7)
  A gnoll bouda (D:6)
  Jessica (D:3)
  Natasha (thrice) (D:2)
  5 iguanas
  3 orc wizards
  Terence (D:2)
  8 adders
  4 gnolls (D:6)
  3 white imps (D:6)
  An ufetubus (D:5)
  3 worms
  A dart slug (D:1)
  18 orcs
  9 endoplasms
  4 giant cockroaches
  5 goblins
  A hobgoblin (D:4)
  2 jackals (D:3)
  2 quokkas (D:1)
  5 ball pythons
  7 bats
  7 frilled lizards
  5 kobolds (D:1)
  3 rats (D:3)
130 creatures vanquished.

Vanquished Creatures (others)
  An angel (D:6)
  5 plants (D:2)
  8 withered plants (D:2)
14 creatures vanquished.

Grand Total: 144 creatures vanquished

Notes
Turn   | Place    | Note
-------+----------+-------------------------------------------
     0 | D:1      | kevlar127 the Troll Berserker began the quest for the Orb.
     0 | D:1      | Reached XP level 1. HP: 22/22 MP: 0/0
   191 | D:1      | Reached XP level 2. HP: 24/24 MP: 1/1
   719 | D:1      | You fall into a shaft and drop 1 floor!
   781 | D:2      | Reached XP level 3. HP: 35/36 MP: 2/2
   860 | D:2      | Reached ** piety under Trog
   878 | D:2      | Noticed Natasha
   881 | D:2      | Killed Natasha
   882 | D:2      | Reached skill level 4 in Unarmed Combat
   882 | D:2      | Reached XP level 4. HP: 39/45 MP: 3/3
  1059 | D:2      | Found a blossoming altar of Fedhas.
  1215 | D:2      | Noticed Terence
  1230 | D:2      | Killed Terence
  1247 | D:2      | Noticed Natasha
  1254 | D:2      | Killed Natasha
  1255 | D:2      | Reached XP level 5. HP: 41/54 MP: 4/4
  1351 | D:2      | Found a faded altar of an unknown god.
  1353 | D:2      | Noticed Natasha
  1359 | D:2      | Killed Natasha
  1976 | D:3      | Noticed Jessica
  1978 | D:3      | Killed Jessica
  1979 | D:3      | Reached skill level 5 in Unarmed Combat
  2379 | D:4      | Noticed an ogre
  2389 | D:4      | Killed an ogre
  2390 | D:4      | Reached skill level 1 in Throwing
  2390 | D:4      | Reached XP level 6. HP: 18/63 MP: 5/5
  2547 | D:4      | Found a burning altar of Makhleb.
  2610 | D:4      | Reached *** piety under Trog
  3103 | D:5      | Entered Level 5 of the Dungeon
  3193 | D:5      | Reached XP level 7. HP: 49/71 MP: 6/6
  3287 | D:5      | Found Tixtamus's Armour Shop.
  3745 | D:5      | Reached skill level 5 in Fighting
  3745 | D:5      | Reached skill level 6 in Unarmed Combat
  3769 | D:5      | Found a staircase to the Ecumenical Temple.
  4172 | D:6      | Noticed Pikel
  4180 | D:6      | Killed Pikel
  4181 | D:6      | Reached XP level 8. HP: 83/83 MP: 7/7
  4193 | D:6      | Found Mesiulon's General Store.
  4206 | D:6      | Found a shimmering altar of Xom.
  4206 | D:6      | Noticed an angel
  4209 | D:6      | Found a glowing silver altar of Zin.
  4305 | D:6      | Reached skill level 7 in Unarmed Combat
  4455 | D:6      | Killed an angel
  4481 | D:6      | Reached skill level 5 in Throwing
  4486 | D:6      | Noticed Menkaure
  4516 | D:6      | Killed Menkaure
  4517 | D:6      | Reached XP level 9. HP: 83/92 MP: 8/8
  4848 | D:7      | Reached skill level 8 in Unarmed Combat
  4873 | D:7      | Found a flagged portal.
  4880 | D:7      | Identified the +5 hand axe of the Wasteland {holy, Dex+7}
  5162 | D:7      | HP: 4/93 [poisoned by a killer bee]
  5163 | D:7      | HP: 1/93 [poisoned by a killer bee]
  5163 | D:7      | Slain by a killer bee

Illustrated notes

Levels and vault maps discovered:
D:1:      psy_arrival_wood_between_worlds, layout_loops_ring
D:2:      layout_loops_ring, basic_altar, shapermc_ecumenical_altar_flowoftime,
          minmay_hexomino_p4, uniq_natasha, uniq_terence
D:3:      layout_basic, uniq_jessica
D:4:      layout_basic, mainiacjoe_overflow_catwalk
D:5:      layout_gridville, minmay_temple_entry_offerings, serial_shops,
          nicolae_lakefront_shop, minmay_holes
D:6:      layout_basic, grunt_temple_overflow_order_and_chaos_1, serial_shops,
          nicolae_shop_advertising_works [nicolae_subvault_shop_adworks],
          minmay_manual_moon, uniq_pikel, uniq_menkaure
D:7:      layout_loops_ring, enter_bailey_2, serial_glass, glass_columns_a,
          glass_columns_c, minmay_misc_feat_five

Skill      XL: |  1  2  3  4  5  6  7  8  9 |
---------------+----------------------------+-----
Fighting       | 3 4 5 6 7 |  7.0
Unarmed Combat | 4 5 6 7 8 |  8.3
Throwing       | 1 2 3 5 |  5.8
Dodging        | |  2.5

Action                   |  1- 3 |  4- 6 |  7- 9 || total
-------------------------+-------+-------+-------++-------
Melee: Unarmed           |   100 |   115 |   171 ||   386
       Punch             |     4 |     5 |     5 ||    14
Invok: Berserk           |       |     2 |     4 ||     6
       Trog's Hand       |       |       |     2 ||     2
Armor: Animal skin       |    39 |    38 |    42 ||   119
Dodge: Dodged            |    38 |    44 |    83 ||   165

Table legend: (Time is in decaauts)
 A = Elapsed time spent in this place.
 B = Non-inter-level travel time spent in this place.
 C = Inter-level travel time spent in this place.
 D = Time resting spent in this place.
 E = Time spent auto-exploring this place.
 F = Levels seen in this place.
 G = Mean time per level.
                   A        B        C        D        E       F      G
               +--------+--------+--------+--------+--------+-----+--------+
         Total |   5182 |   4855 |    327 |    597 |   3406 |   7 |  740.3 |
       Dungeon |   5182 |   4855 |    327 |    597 |   3406 |   7 |  740.3 |
               +--------+--------+--------+--------+--------+-----+--------+

Top non-repeatable levels by time:
     D:5: 995 daAuts
     D:4: 932 daAuts
     D:1: 844 daAuts
     D:6: 754 daAuts
     D:3: 684 daAuts
     D:2: 646 daAuts
     D:7: 324 daAuts
